 Dungeon Crawl Stone Soup version 0.29-a0-506-ga2e7fffb44 (webtiles) character file.

Game seed: 7776506928588280252

42 kyalle the Skirmisher (level 3, -1/34 HPs)
             Began as a Minotaur Monk on May 28, 2022.
             Slain by a gnoll
             ... wielding a +0 club
              (8 damage)
             ... on level 2 of the Dungeon.
             The game lasted 00:04:27 (1772 turns).

kyalle the Skirmisher (Minotaur Monk)               Turns: 1772, Time: 00:04:28

Health: -1/34      AC:  2    Str: 17    XL:     3   Next: 35%
Magic:  2/2        EV: 13    Int:  7    God:
Gold:   104        SH:  0    Dex: 12    Spells: 2/2 levels left

rFire   . . .      SeeInvis .   f - staff of poison
rCold   . . .      Faith    .   h - orb {mayhem}
rNeg    . . .      Spirit   .   b - +0 robe
rPois   +          Reflect  .   (helmet restricted)
rElec   .          Harm     .   (no cloak)
rCorr   .          Rampage  .   (no gloves)
Will    .....                   (no boots)
Stlth   ++........              (no amulet)
HPRegen 0.11/turn               g - ring of wizardry
MPRegen 0.08/turn               (no ring)

@: no status effects
A: horns 2, retaliatory headbutt
a: no special abilities


You were on level 2 of the Dungeon.
You visited 1 branch of the dungeon, and saw 2 of its levels.

You collected 104 gold pieces.

Inventory:

Hand Weapons
 a - a +0 falchion
Armour
 b - a +0 robe (worn)
 h - an orb of mayhem (worn)
Magical Staves
 f - a staff of poison (weapon)
Jewellery
 g - a ring of wizardry (left hand)
Scrolls
 d - 2 scrolls of teleportation {unknown}
 j - 2 scrolls of identify {unknown}
Potions
 c - 2 potions of ambrosia
 e - 3 potions of brilliance {unknown}
 i - a potion of cancellation {unknown}
 k - a potion of heal wounds {unknown}


   Skills:
 * Level 4.4 Fighting
 - Level 3.6 Long Blades
 * Level 2.2 Staves
 + Level 3.6 Dodging
 - Level 1.5 Stealth


You had 2 spell levels left.
You didn't know any spells.
Your spell library contained the following spells:

 Spells                   Type           Power      Damage    Failure   Level
 Blink                    Tloc           0%         N/A       26%         2
 Lesser Beckoning         Tloc           0%         N/A       45%         3
 Manifold Assault         Tloc           0%         N/A       99%         5
 Conjure Ball Lightning   Conj/Air       0%         3x3d6     100%        6
 Discord                  Hex            0%         N/A       100%        8
 Disjunction              Tloc           0%         N/A       100%        8


Dungeon Overview and Level Annotations

Branches:
Dungeon (2/15)

Altars:


Innate Abilities, Weirdness & Mutations

You have a pair of horns on your head.
You reflexively headbutt those who attack you in melee.


Message History

The rat misses you. The orc misses you.
There are monsters nearby!
You barely miss the orc. The orc hits you with a +0 dagger.
The rat barely misses you.
There are monsters nearby!
You hit the orc.
The orc is moderately wounded.
The rat bites you but does no damage. The orc hits you with a +0 dagger.
You barely miss the orc. Your headbutt misses the orc.
The orc is moderately wounded.
The orc closely misses you. The rat bites you but does no damage.
You hit the orc but do no damage.
The orc is moderately wounded.
The orc hits you with a +0 dagger. The rat barely misses you.
You hit the orc but do no damage.
The orc is moderately wounded.
The orc barely misses you. You furiously retaliate!
You headbutt the orc. The rat bites you but does no damage.
The orc hits you with a +0 dagger. The rat misses you.
You hit the orc but do no damage.
The orc is almost dead.
The orc completely misses you. The rat barely misses you.
You closely miss the orc.
The orc is almost dead.
The orc hits you but does no damage. The rat closely misses you.
You hit the orc.
You kill the orc!
The rat completely misses you. You furiously retaliate!
You headbutt the rat!
You kill the rat!
The gnoll flies into a frenzy!
You hit the gnoll.
The gnoll is lightly wounded.
The gnoll misses you. The gnoll hits you with a +0 club!
* * * LOW HITPOINT WARNING * * *
You are too injured to fight recklessly!
You are too injured to fight recklessly!
You closely miss the gnoll.
The gnoll is lightly wounded.
The gnoll hits you with a +0 club!
You die...

####### #.....#### #........#
#..#####.# #..#.#$#.# #..#..)#.#
#..#.8g@.# #..#..$#.####
#..#.#$#....#
##########..#####....##
.[....................#
##..#.########........# #..#.###
#.........###########
###.....#####....................
...................<........>####


You could see a neutral gnoll (fast, strong, insane).

Vanquished Creatures
  An adder (D:2)
  A dart slug (D:1)
  An orc (D:2)
  3 ball pythons
  2 bats
  6 endoplasms
  A goblin (D:2)
  2 hobgoblins (D:1)
  2 jackals (D:2)
  2 kobolds (D:1)
  5 rats
26 creatures vanquished.

Notes
Turn   | Place    | Note
-------+----------+-------------------------------------------
     0 | D:1      | kyalle the Minotaur Monk began the quest for the Orb.
     0 | D:1      | Reached XP level 1. HP: 19/19 MP: 0/0
     3 | D:1      | Noticed an electric eel
     4 | D:1      | Noticed an electric eel
   522 | D:1      | Reached skill level 1 in Staves
   558 | D:1      | Reached XP level 2. HP: 27/27 MP: 1/1
   752 | D:1      | Reached skill level 4 in Fighting
  1453 | D:2      | Reached XP level 3. HP: 29/34 MP: 2/2
  1772 | D:2      | Slain by a gnoll

Illustrated notes

Levels and vault maps discovered:
D:1:      arrival_aquarium_b, layout_loops_ring, serial_aquarium,
          aquarium_bridge_island_small [aquarium_subvault_small_open,
          aquarium_subvault_bridge, aquarium_subvault_balcony,
          aquarium_subvault_balcony, aquarium_subvault_bridge],
          aquarium_bridge_straight [aquarium_subvault_bridge,
          aquarium_subvault_wall, aquarium_subvault_bridge,
          aquarium_subvault_wall], aquarium_window_1, aquarium_window_double,
          aquarium_window_2, aquarium_view_2c, aquarium_balcony_3a,
          aquarium_pool_double
D:2:      layout_basic, chequers_serial_rivers_room_b, minmay_split_cup_large

Skill      XL: |  1  2 |
---------------+-------+-----
Staves         | 1 2 |  2.2
Fighting       | 4 |  4.4
Long Blades    | |  3.6
Dodging        | |  3.6
Stealth        | |  1.5

Action                   || total
-------------------------++-------
Melee: Staff             ||    72
       Headbutt          ||     7
 Stab: Sleeping          ||     5
Armor: Robe              ||    10
Dodge: Dodged            ||    55

Table legend: (Time is in decaauts)
 A = Elapsed time spent in this place.
 B = Non-inter-level travel time spent in this place.
 C = Inter-level travel time spent in this place.
 D = Time resting spent in this place.
 E = Time spent auto-exploring this place.
 F = Levels seen in this place.
 G = Mean time per level.
                   A        B        C        D        E       F      G
               +--------+--------+--------+--------+--------+-----+--------+
         Total |   1780 |   1744 |     36 |      0 |   1407 |   2 |  890.0 |
       Dungeon |   1780 |   1744 |     36 |      0 |   1407 |   2 |  890.0 |
               +--------+--------+--------+--------+--------+-----+--------+

Top non-repeatable levels by time:
     D:1: 1209 daAuts
     D:2: 571 daAuts
